 Dungeon Crawl Stone Soup version 0.27.1-34-g3ba077fa99 (webtiles) character file.

Game seed: 4291770389845237663

140 Amplified the Vexing (level 5, -1/38 (40) HPs)
             Began as a Gnoll Arcane Marksman on Jan 4, 2022.
             Slain by a wight (4 damage)
             ... on level 8 of the Dungeon.
             The game lasted 00:05:52 (4531 turns).

Amplified the Vexing (Gnoll Arcane Marksman)        Turns: 4531, Time: 00:05:52

HP:   -1/38 (40)    AC:  6    Str: 10    XL:     5   Next: 23%
MP:   8/9           EV: 11    Int: 12    God:
Gold: 100           SH:  0    Dex: 13    Spells: 7/10 levels left

rFire    . . .     SeeInvis .   a - +0 trident
rCold    . . .     Faith    .   (no shield)
rNeg     . . .     Spirit   .   m - +0 ring mail
rPois    .         Reflect  .   (no helmet)
rElec    .         Harm     .   (no cloak)
rCorr    +         Rampage  .   f - +0 pair of gloves
Will     +....                  (no boots)
Stlth    +.........             g - amulet of magic regeneration
HPRegen  0.12/turn              i - ring of resist corrosion
MPRegen  0.36/turn              (no ring)

@: drained
A: fangs 1, strong nose, distributed training, strong-willed 1
a: no special abilities


You were on level 8 of the Dungeon.
You visited 1 branch of the dungeon, and saw 6 of its levels.

You collected 100 gold pieces.

Inventory:

Hand Weapons
 a - a +0 trident (weapon)
Missiles
 b - 3 javelins (quivered)
Armour
 f - a +0 pair of gloves (worn)
 m - a +0 ring mail (worn)
Magical Staves
 j - a staff of air
Jewellery
 g - an amulet of magic regeneration (around neck)
 i - a ring of resist corrosion (left hand)
Scrolls
 c - a scroll of identify
Potions
 l - a potion of mutation


   Skills:
 + Level 2.9 Fighting
 + Level 1.4 Short Blades
 + Level 1.4 Long Blades
 + Level 1.4 Axes
 + Level 1.4 Maces & Flails
 + Level 1.4 Polearms
 + Level 1.4 Staves
 + Level 1.4 Slings
 + Level 1.4 Bows
 + Level 1.4 Crossbows
 + Level 4.7 Throwing
 + Level 1.4 Armour
 + Level 4.7 Dodging
 + Level 1.4 Stealth
 + Level 1.4 Shields
 + Level 1.4 Unarmed Combat
 + Level 3.1 Spellcasting
 + Level 1.1 Conjurations
 + Level 5.5 Hexes
 + Level 1.1 Summonings
 + Level 1.1 Necromancy
 + Level 1.1 Translocations
 + Level 1.1 Transmutations
 + Level 1.1 Fire Magic
 + Level 1.1 Ice Magic
 + Level 1.1 Air Magic
 + Level 1.1 Earth Magic
 + Level 1.1 Poison Magic
 + Level 1.5 Invocations
 + Level 1.4 Evocations


You had 7 spell levels left.
You knew the following spells:

 Your Spells              Type           Power      Damage    Failure   Level
a - Corona                Hex            16%        N/A       6%          1
b - Slow                  Hex            15%        N/A       10%         2

Your spell library contained the following spells:

 Spells                   Type           Power      Damage    Failure   Level
 Apportation              Tloc           8%         N/A       36%         1
 Inner Flame              Hex/Fire       9%         N/A       43%         3
 Portal Projectile        Hex/Tloc       18%        N/A       43%         3
 Cause Fear               Hex            7%         N/A       54%         4
 Alistair's Intoxication  Tmut/Pois      2%         N/A       100%        5
 Invisibility             Hex            7%         N/A       100%        6


Dungeon Overview and Level Annotations

Branches:
Dungeon (8/15)
 Temple: D:4-7         Lair: D:8-11

Altars:
Qazlal

Shops:
D:2 :   D:4 *

Annotations:
D:7 Harold


Innate Abilities, Weirdness & Mutations

You have very sharp teeth.
Your uncanny sense of smell can sniff out nearby items.
Your experience applies equally to all skills.
You are strong-willed. (Will+)


Message History

Casting: Corona (safe; 6% risk of failure)
Confirm with . or Enter, or press ? or * to list all spells.
Aiming: Slow (safe; 10% risk of failure)
Press: ? - help, Shift-Dir - straight line, f/p - wight
Aim: a wight, wielding a +0 war axe, wearing a +0 robe and wearing a ring of willpower (chance to affect: 51%)
The wight resists with almost no effort.
You reach to attack!
You barely miss the wight. The wight closely misses you.
You closely miss the wight. The wight hits you with a +0 war axe.
Casting: Slow (safe; 10% risk of failure)
Confirm with . or Enter, or press ? or * to list all spells.
Aiming: Slow (safe; 10% risk of failure)
Press: ? - help, Shift-Dir - straight line, f/p - wight
Aim: a wight, wielding a +0 war axe, wearing a +0 robe and wearing a ring of willpower (chance to affect: 51%)
The wight resists with almost no effort.
The wight closely misses you.
Unknown command.
You hit the wight.
The wight is moderately damaged.
The wight hits you with a +0 war axe.
You feel drained.
You hit the wight but do no damage.
The wight is moderately damaged.
The wight hits you with a +0 war axe.
You hit the wight but do no damage.
The wight is moderately damaged.
The wight hits you with a +0 war axe.
You feel drained.
You hit the wight.
The wight is heavily damaged.
The wight barely misses you. The wight hits you with a +0 war axe!
You are too injured to fight recklessly!
You closely miss the wight.
The wight is heavily damaged.
The wight hits you with a +0 war axe!
* * * LOW HITPOINT WARNING * * *
Okay, then.
Throw: 4 javelins
Press: ? - help, Q - select action, (/) - cycle Shift-Dir - straight line, f/p - wight
Aim: a wight, wielding a +0 war axe, wearing a +0 robe and wearing a ring of willpower (heavily damaged, 60% to hit)
You throw a javelin. The javelin barely misses the wight.
The wight hits you with a +0 war axe.
You die...

##########
#........###
#@z.....(....
#........#...
####.##### z
#<#
#........#
#....?...#
#........#
#D.......#
#........#


You could see a wight.

Vanquished Creatures
  An orc priest (D:3)
  2 adders
  A worm (D:2)
  3 dart slugs (D:1)
  3 orcs (D:3)
  3 ball pythons
  10 bats
  8 endoplasms
  3 giant cockroaches
  2 goblins (D:1)
  4 hobgoblins
  3 jackals
  4 kobolds
  3 quokkas
  3 frilled lizards
  5 rats
58 creatures vanquished.

Vanquished Creatures (collateral kills)
  Natasha (D:2)
1 creature vanquished.

Grand Total: 59 creatures vanquished

Notes
Turn   | Place    | Note
-------+----------+-------------------------------------------
     0 | D:1      | Amplified the Gnoll Arcane Marksman began the quest for the
                  | Orb.
     0 | D:1      | Reached XP level 1. HP: 17/17 MP: 4/4
   524 | D:1      | Reached XP level 2. HP: 11/23 MP: 5/5
  1823 | D:1      | Reached XP level 3. HP: 28/28 MP: 7/7
  2149 | D:1      | Reached skill level 1 in Invocations
  2745 | D:2      | Found Puerchao's Book Shop.
  2900 | D:2      | Noticed Natasha
  2914 | D:2      | Killed Natasha
  2915 | D:2      | Reached skill level 1 in Short Blades
  2915 | D:2      | Reached skill level 1 in Long Blades
  2915 | D:2      | Reached skill level 1 in Axes
  2915 | D:2      | Reached skill level 1 in Maces & Flails
  2915 | D:2      | Reached skill level 1 in Polearms
  2915 | D:2      | Reached skill level 1 in Staves
  2915 | D:2      | Reached skill level 1 in Slings
  2915 | D:2      | Reached skill level 1 in Bows
  2915 | D:2      | Reached skill level 1 in Crossbows
  2915 | D:2      | Reached skill level 1 in Armour
  2915 | D:2      | Reached skill level 1 in Stealth
  2915 | D:2      | Reached skill level 1 in Shields
  2915 | D:2      | Reached skill level 1 in Unarmed Combat
  2915 | D:2      | Reached skill level 1 in Evocations
  2915 | D:2      | Reached XP level 4. HP: 28/34 MP: 8/8
  3559 | D:3      | Reached skill level 1 in Conjurations
  3559 | D:3      | Reached skill level 1 in Summonings
  3559 | D:3      | Reached skill level 1 in Necromancy
  3559 | D:3      | Reached skill level 1 in Translocations
  3559 | D:3      | Reached skill level 1 in Transmutations
  3559 | D:3      | Reached skill level 1 in Fire Magic
  3559 | D:3      | Reached skill level 1 in Ice Magic
  3559 | D:3      | Reached skill level 1 in Air Magic
  3559 | D:3      | Reached skill level 1 in Earth Magic
  3559 | D:3      | Reached skill level 1 in Poison Magic
  3682 | D:3      | Reached XP level 5. HP: 27/40 MP: 9/9
  4223 | D:4      | Found Pooghu's General Store.
  4229 | D:4      | You fall into a shaft and drop 3 floors!
  4229 | D:7      | Noticed a black bear
  4229 | D:7      | Found a stormy altar of Qazlal.
  4232 | D:7      | Noticed Harold
  4233 | D:7      | Gained mutation: You are strong-willed. (Will+) [potion of
                  | mutation]
  4244 | D:8      | Noticed an acid dragon
  4473 | D:8      | Learned a level 2 spell: Slow
  4531 | D:8      | Slain by a wight

Illustrated notes

Levels and vault maps discovered:
D:1:      shiori_shiawase, layout_loops_ring, nrook_uturn
D:2:      layout_loops_cross, serial_shops, shop, minmay_misc_feat_columns,
          uniq_natasha
D:3:      layout_loops_ring
D:4:      layout_rooms, overflow_temple_1_default,
          minmay_temple_entry_gardened_gates, serial_corexii_hall,
          chequers_hall_statues_corner_a, corexii_hall_statues_t, serial_shops,
          shop, mrwooster_statue_mirror, st_stairs_12
D:7:      layout_rooms, mainiacjoe_overflow_chevrons, lemuel_crystal_altar,
          kennysheep_slug_shrine, minmay_misc_feat_room, uniq_harold
D:8:      layout_rooms, minivault_26, minmay_stone_trees_small

Skill      XL: |  1  2  3  4 |
---------------+-------------+-----
Invocations    | 1 |  1.5
Short Blades   | 1 |  1.4
Long Blades    | 1 |  1.4
Axes           | 1 |  1.4
Maces & Flails | 1 |  1.4
Polearms       | 1 |  1.4
Staves         | 1 |  1.4
Slings         | 1 |  1.4
Bows           | 1 |  1.4
Crossbows      | 1 |  1.4
Armour         | 1 |  1.4
Stealth        | 1 |  1.4
Shields        | 1 |  1.4
Unarmed Combat | 1 |  1.4
Evocations     | 1 |  1.4
Spellcasting   | 3 |  3.1
Conjurations   | 1 |  1.1
Summonings     | 1 |  1.1
Necromancy     | 1 |  1.1
Translocations | 1 |  1.1
Transmutations | 1 |  1.1
Fire Magic     | 1 |  1.1
Ice Magic      | 1 |  1.1
Air Magic      | 1 |  1.1
Earth Magic    | 1 |  1.1
Poison Magic   | 1 |  1.1
Fighting       | |  2.9
Throwing       | |  4.7
Dodging        | |  4.7
Hexes          | |  5.5

Action                   |  1- 3 |  4- 6 || total
-------------------------+-------+-------++-------
Melee: Dagger            |   230 |    81 ||   311
       Bite              |    21 |     7 ||    28
       Unarmed           |     1 |       ||     1
       Trident           |       |    20 ||    20
       Punch             |       |     1 ||     1
Throw: Javelin           |     8 |     6 ||    14
       Throwing net      |     5 |     2 ||     7
 Cast: Slow              |       |     2 ||     2
       Corona            |       |     1 ||     1
  Use: Scroll            |     3 |     1 ||     4
       Potion            |     1 |     3 ||     4
 Stab: Sleeping          |     2 |       ||     2
       Held in net/web   |     2 |       ||     2
Armor: Robe              |    29 |       ||    29
       Scale mail        |    73 |    34 ||   107
       Ring mail         |       |    23 ||    23
Dodge: Dodged            |   153 |    56 ||   209
